Map: 凯罗斯中转站-天梯版

Players

Dark - Winner!

  • Race: Zerg Zerg
  • League: Gold

Sioras

  • Race: Zerg Zerg

Event: WESG 2018 Grand Finals

VOD

Have the link to the VOD?

Description

Time

  • Played on: March 11, 2019, 5:27 a.m.
  • Length: 4:09

All games in this series

Show
View Real Time Build Order
Export as new Build Order

Dark Zerg - Winner!

Build Orders: 1 Base Baneling Bust, Pool First, Zergling Baneling 

Get SALT Encoding   

  12  0:08  Extractor  
  11  0:19  Spawning Pool  
  10  0:24  Drone  
  11  0:32  Drone  
  12  0:36  Drone  
  13  0:49  Overlord  
  13  1:06  Zergling x2  
  13  1:08  Zergling x2  
  13  1:09  Zergling x2  
  16  1:13  Metabolic Boost  
  16  1:18  Zergling x2  
  17  1:30  Zergling x2  
  18  1:34  Baneling Nest  
  17  1:40  Zergling x2  
  18  1:51  Zergling x2  
  19  2:02  Zergling x2  
  19  2:04  Queen  
  22  2:17  Baneling x2  
  22  2:23  Baneling x2  
  22  2:26  Overlord  
  22  2:35  Baneling  
  20  2:45  Zergling x2  
  20  2:53  Drone x2  
  20  2:58  Drone  
  22  3:02  Baneling x2  
  22  3:08  Drone  
  23  3:19  Drone  
  23  3:28  Drone  
  23  3:39  Zergling x4  
  23  3:40  Baneling x2  
  24  3:41  Drone  
  24  3:44  Drone  
  26  3:55  Hatchery  
Show
View Real Time Build Order
Export as new Build Order

Sioras Zerg 

Build Orders: Pool First 

Get SALT Encoding   

  12  0:00  Drone  
  13  0:07  Drone  
  14  0:17  Overlord  
  14  0:22  Extractor  
  14  0:23  Drone  
  16  0:35  Drone  
  16  0:40  Spawning Pool  
  15  0:44  Drone  
  15  0:48  Drone  
  17  1:09  Hatchery  
  16  1:13  Drone  
  16  1:14  Extractor  
  16  1:17  Drone  
  17  1:27  Queen  
  17  1:30  Drone  
  20  1:33  Zergling x2  
  20  1:39  Overlord  
  21  1:49  Zergling x2  
  22  1:59  Zergling x2  
  23  2:02  Queen  
  25  2:12  Zergling x2  
  26  2:17  Spine Crawler  
  25  2:28  Zergling x2  
  26  2:34  Overlord  
  26  2:39  Zergling x6  
  25  2:44  Zergling x2  
  18  3:00  Zergling x2  
  19  3:10  Zergling x2  
  20  3:15  Zergling x6  
  14  3:39  Zergling x2  
  11  3:49  Zergling x2  
Tags
 
Add a new tag
Caveats
  • Supply blocks, unpowered buildings, or Contaminate may cause inaccurate times.
  • Supply counts are checked every 10 seconds.